WINNIPEG vs FLORIDA

Created - Monday, November 06, 2017 at 14:53

Goals
1 2 3 OT1 SO T
WINNIPEG 0 1 0 0 1 2
FLORIDA 1 0 0 0 0 1
Shots
1 2 3 OT1 SO T
WINNIPEG 3 12 3 7 3 25
FLORIDA 15 6 7 4 3 32

1st period

1. FLORIDA , Blake Wheeler 6 (Derek Stepan 6, Paul Stastny 3) at 3:42 (PP)

Penalties :
Markus Granlund (WPG) for Hooking (Minor) at 2:16, John Carlson (WPG) for Hooking (Minor) at 6:21, Adam Henrique (FLA) for Holding (Minor) at 7:20, Clayton Stoner (WPG) for Slashing (Minor) at 10:05, Christopher Tanev (WPG) for Hooking (Minor) at 17:08

2nd period

2. WINNIPEG , Alexander Edler 2 (Markus Granlund 3, Patrick Marleau 8) at 15:52 (PP)

Penalties :
Christopher Tanev (WPG) for Hooking (Minor) at 10:03, Alexander Edler (WPG) for Tripping (Minor) at 10:54, Blake Wheeler (FLA) for High sticking (Minor) at 14:17

3rd period

No Goal

Penalties :
John Carlson (WPG) for Slashing (Minor) at 16:37

Overtime #1

No Goal

Penalties :
No Penalty

Shootout

Penalty Shot by Sidney Crosby for WINNIPEG - Stopped by Craig Anderson
Penalty Shot by Patrik Laine for FLORIDA - Stopped by Braden Holtby
Penalty Shot by Alexander Ovechkin for WINNIPEG - Goal!
Penalty Shot by Kris Letang for FLORIDA - Stopped by Braden Holtby
Penalty Shot by Patrick Marleau for WINNIPEG - Stopped by Craig Anderson
Penalty Shot by Johnathan Gaudreau for FLORIDA - Stopped by Braden Holtby

Penalties :
No Penalty

Goalie Stats

Braden Holtby (WPG), 31 saves from 32 shots - (0.969), W, 8-2-0, 65:00 minutes
Craig Anderson (FLA), 24 saves from 25 shots - (0.960), OTL, 4-4-2, 65:00 minutes

Players Stats for WINNIPEG

Player Name              G  A  P  +/- PIM S  H  SB GA TA FO     MP     PP MP  PK MP  
------------------------------------------------------------------------------------
Alexander Edler          1  0  1   0  2   3  3  2  0  0  0/0    26:16   1:48   5:02 
Alexander Ovechkin       0  0  0   0  0   6  0  0  0  0  1/3    28:55   0:48   6:11 
Brendan Gaunce           0  0  0   0  0   0  0  0  0  0  0/0     5:10   0:00   0:05 
Christopher Tanev        0  0  0   0  4   1  0  3  0  0  0/0    20:59   0:29   3:02 
Clayton Stoner           0  0  0   0  2   0  0  0  0  0  0/0    15:54   0:17   1:36 
Curtis Lazar             0  0  0   0  0   0  0  0  0  0  0/0     0:00   0:00   0:00 
Frans Nielsen            0  0  0   0  0   1  1  0  0  0  9/19   19:22   0:00   3:03 
Jannik Hansen            0  0  0   0  0   1  0  0  0  0  0/0    12:46   0:00   0:00 
John Carlson             0  0  0   0  4   1  2  1  0  0  0/0    25:15   2:05   4:30 
Markus Granlund          0  1  1   0  2   2  3  0  0  0  1/1    16:51   1:46   0:00 
Matt Cullen              0  0  0   0  0   5  0  0  0  0  8/16   12:10   0:00   0:00 
Nick Shore               0  0  0   0  0   0  0  1  0  0  2/7     6:24   0:00   1:06 
Noah Hanifin             0  0  0   0  0   0  0  1  0  0  0/0    23:45   0:29   4:30 
Patrick Marleau          0  1  1   0  0   2  0  1  0  0  6/11   19:44   1:46   3:15 
Pierre-Alexandre Parente 0  0  0   0  0   1  1  0  0  0  0/0    13:19   1:46   0:00 
Sidney Crosby            0  0  0   0  0   0  0  0  0  0  15/37  26:04   0:48   7:36 
Sven Baertschi           0  0  0   0  0   2  0  0  0  0  0/2    15:54   0:48   0:00 
Troy Stecher             0  0  0   0  0   0  1  0  0  0  0/0    17:45   0:00   3:43 

Players Stats for FLORIDA

Player Name              G  A  P  +/- PIM S  H  SB GA TA FO     MP     PP MP  PK MP  
------------------------------------------------------------------------------------
Adam Henrique            0  0  0   0  2   2  2  1  0  0  9/16   19:20   5:16   0:54 
Alec Martinez            0  0  0   0  0   1  4  0  0  0  0/0    18:54   0:00   0:56 
Blake Wheeler            1  0  1   0  2   8  1  0  0  0  1/2    23:20   5:28   0:32 
Brandon Pirri            0  0  0   0  0   0  0  0  0  0  1/1     4:35   0:00   0:00 
Brett Pesce              0  0  0   0  0   2  0  0  0  0  0/0    18:54   0:00   0:56 
Cedric Paquette          0  0  0   0  0   0  0  0  0  0  0/0     4:35   0:00   0:00 
Derek Stepan             0  1  1   0  0   2  0  0  0  0  0/1    18:31   5:17   1:08 
Duncan Keith             0  0  0   0  0   3  1  1  0  0  0/0    28:30   5:28   1:38 
Johnathan Gaudreau       0  0  0   0  0   1  0  0  0  0  2/3    19:05   5:55   0:00 
Kris Letang              0  0  0   0  0   0  4  0  0  0  0/0    28:46   5:44   1:38 
Kris Versteeg            0  0  0   0  0   1  1  0  0  0  1/1    12:06   0:00   0:00 
Linden Vey               0  0  0   0  0   0  0  0  0  0  1/4     4:35   0:00   0:00 
Marian Hossa             0  0  0   0  0   1  0  0  0  0  0/0    18:54   5:44   0:00 
Martin Marincin          0  0  0   0  0   0  2  1  0  0  0/0    11:52   0:00   0:00 
Nicklas Backstrom        0  0  0   0  0   2  2  0  0  0  22/38  26:41   5:55   1:21 
Patrik Laine             0  0  0   0  0   5  2  0  0  0  0/0    25:20   5:55   0:00 
Paul Stastny             0  1  1   0  0   4  3  0  0  0  17/30  20:34   5:17   1:13 
Trevor van Riemsdyk      0  0  0   0  0   0  0  0  0  0  0/0    11:52   0:00   0:00 

3 Stars

1 - Braden Holtby (WPG)
2 - Craig Anderson (FLA)
3 - Alexander Edler (WPG)

Power Play

WINNIPEG - 1 on 2 Attempt(s) - 50.00%
FLORIDA - 1 on 7 Attempt(s) - 14.29%

Penalty Kill

WINNIPEG - 6 on 7 Attempt(s) - 85.71% - Score 0 goal in Penalty Kill
FLORIDA - 1 on 2 Attempt(s) - 50.00% - Score 0 goal in Penalty Kill

Team Stat

WINNIPEG - Hits : 11 - Faceoff Wins : 42 - Blocked Shots : 9 - Penalty Minutes : 14
FLORIDA - Hits : 22 - Faceoff Wins : 54 - Blocked Shots : 3 - Penalty Minutes : 4

Official

Referees : Unknown
Linesman : Unknown

Game Notes

No Game Note

Finance

Level 1 -- Attendance: 5321 (88.68%) -- Ticket Income $425,680
Level 2 -- Attendance: 4716 (94.32%) -- Ticket Income $235,800
Level 3 -- Attendance: 1885 (94.25%) -- Ticket Income $52,780
Level 4 -- Attendance: 3663 (91.58%) -- Ticket Income $54,945
Luxury Box -- Attendance: 916 (91.60%) -- Ticket Income $137,400
Game was played at the BBT Center.
Total Attendance: 16501 (91.67%)
Total Ticket Income: $906,605
Total Income: $906,605

WINNIPEG

5 vs 5 Forward 
   Center                   Left Wing                Right Wing               Time % Phy DF OF 
 1 Sidney Crosby            Patrick Marleau          Alexander Ovechkin       35     1   2  2  
 2 Frans Nielsen            Markus Granlund          Sven Baertschi           30     1   2  2  
 3 Matt Cullen              Pierre-Alexandre ParenteaJannik Hansen            25     1   2  2  
 4 Nick Shore               Brendan Gaunce           Alexander Ovechkin       10     1   2  2  

5 vs 5 Defense 
   Defense                  Defense                                           Time % Phy DF OF 
 1 Alexander Edler          Christopher Tanev                                 35     1   2  2  
 2 Noah Hanifin             John Carlson                                      30     1   2  2  
 3 Clayton Stoner           Troy Stecher                                      25     1   2  2  
 4 Alexander Edler          Christopher Tanev                                 10     1   2  2  

PowerPlay Forward 
   Center                   Left Wing                Right Wing               Time % Phy DF OF 
 1 Sidney Crosby            Alexander Ovechkin       Sven Baertschi           60     1   2  2  
 2 Patrick Marleau          Markus Granlund          Pierre-Alexandre Parentea40     1   2  2  

PowerPlay Defense
   Defense                  Defense                                           Time % Phy DF OF 
 1 John Carlson             Alexander Edler                                   60     1   2  2  
 2 Christopher Tanev        Noah Hanifin                                      40     1   2  2  

Penalty Kill 4 Players Forward 
   Center                   Wing                     Time % Phy DF OF 
 1 Sidney Crosby            Alexander Ovechkin       60     1   2  2  
 2 Patrick Marleau          Frans Nielsen            40     1   2  2  

Penalty Kill 4 Players Defense
   Defense                  Defense                  Time % Phy DF OF 
 1 John Carlson             Alexander Edler          60     1   2  2  
 2 Christopher Tanev        Noah Hanifin             40     1   2  2  

Penalty Kill - 3 Players Forward 
   Forward                                           Time % Phy DF OF 
 1 Sidney Crosby                                     60     1   2  2  
 2 Alexander Ovechkin                                40     1   2  2  

Penalty Kill - 3 Players Defense
   Defense                  Defense                  Time % Phy DF OF 
 1 John Carlson             Alexander Edler          60     1   2  2  
 2 Christopher Tanev        Noah Hanifin             40     1   2  2  

4 vs 4 Forward 
   Center                   Wing                     Time % Phy DF OF 
 1 Sidney Crosby            Alexander Ovechkin       60     1   2  2  
 2 Patrick Marleau          Frans Nielsen            40     1   2  2  

4 vs 4 Defense
   Defense                  Defense                  Time % Phy DF OF 
 1 John Carlson             Alexander Edler          60     1   2  2  
 2 Christopher Tanev        Noah Hanifin             40     1   2  2  

Last Minutes Offensive
   Center                   Left Wing                Right Wing               Defense                  Defense                  
   Sidney Crosby            Alexander Ovechkin       Sven Baertschi           John Carlson             Alexander Edler          

Last Minutes Defensive
   Center                   Left Wing                Right Wing               Defense                  Defense                  
   Sidney Crosby            Alexander Ovechkin       Sven Baertschi           John Carlson             Alexander Edler          

Goaltenders
Starting : Braden Holtby            
Backup : Jeff Zatkoff             

Extra Forwards
Normal : Matt Cullen, Jannik Hansen, Nick Shore - PP : Matt Cullen, Jannik Hansen - PK : Nick Shore
Extra Defensemen
Normal : Noah Hanifin, Troy Stecher, Clayton Stoner - PP : Noah Hanifin - PK : Troy Stecher, Clayton Stoner
Penalty Shots
Sidney Crosby, Alexander Ovechkin, Patrick Marleau, Frans Nielsen, Matt Cullen

Scratches
WPG CAP HIT (Suspend)

FLORIDA

5 vs 5 Forward 
   Center                   Left Wing                Right Wing               Time % Phy DF OF 
 1 Nicklas Backstrom        Patrik Laine             Blake Wheeler            35     0   2  3  
 2 Adam Henrique            Johnathan Gaudreau       Marian Hossa             30     0   2  3  
 3 Paul Stastny             Kris Versteeg            Derek Stepan             27     0   2  3  
 4 Linden Vey               Brandon Pirri            Cedric Paquette          8      1   3  1  

5 vs 5 Defense 
   Defense                  Defense                                           Time % Phy DF OF 
 1 Duncan Keith             Kris Letang                                       45     0   2  3  
 2 Alec Martinez            Brett Pesce                                       35     0   2  3  
 3 Martin Marincin          Trevor van Riemsdyk                               15     0   3  2  
 4 Duncan Keith             Kris Letang                                       5      0   2  3  

PowerPlay Forward 
   Center                   Left Wing                Right Wing               Time % Phy DF OF 
 1 Nicklas Backstrom        Johnathan Gaudreau       Patrik Laine             60     0   1  4  
 2 Paul Stastny             Adam Henrique            Derek Stepan             40     0   1  4  

PowerPlay Defense
   Defense                  Defense                                           Time % Phy DF OF 
 1 Duncan Keith             Blake Wheeler                                     60     0   1  4  
 2 Marian Hossa             Kris Letang                                       40     0   1  4  

Penalty Kill 4 Players Forward 
   Center                   Wing                     Time % Phy DF OF 
 1 Paul Stastny             Blake Wheeler            50     0   4  1  
 2 Nicklas Backstrom        Adam Henrique            50     0   4  1  

Penalty Kill 4 Players Defense
   Defense                  Defense                  Time % Phy DF OF 
 1 Duncan Keith             Kris Letang              60     0   4  1  
 2 Alec Martinez            Brett Pesce              40     0   4  1  

Penalty Kill - 3 Players Forward 
   Forward                                           Time % Phy DF OF 
 1 Paul Stastny                                      50     0   4  1  
 2 Adam Henrique                                     50     0   4  1  

Penalty Kill - 3 Players Defense
   Defense                  Defense                  Time % Phy DF OF 
 1 Duncan Keith             Kris Letang              60     0   4  1  
 2 Alec Martinez            Brett Pesce              40     0   4  1  

4 vs 4 Forward 
   Center                   Wing                     Time % Phy DF OF 
 1 Nicklas Backstrom        Patrik Laine             55     0   2  3  
 2 Paul Stastny             Blake Wheeler            45     0   2  3  

4 vs 4 Defense
   Defense                  Defense                  Time % Phy DF OF 
 1 Duncan Keith             Kris Letang              55     0   3  2  
 2 Alec Martinez            Brett Pesce              45     0   3  2  

Last Minutes Offensive
   Center                   Left Wing                Right Wing               Defense                  Defense                  
   Nicklas Backstrom        Patrik Laine             Blake Wheeler            Duncan Keith             Kris Letang              

Last Minutes Defensive
   Center                   Left Wing                Right Wing               Defense                  Defense                  
   Paul Stastny             Adam Henrique            Blake Wheeler            Duncan Keith             Kris Letang              

Goaltenders
Starting : Craig Anderson           
Backup : James Reimer             

Extra Forwards
Normal : Kris Versteeg, Brandon Pirri, Linden Vey - PP : Kris Versteeg, Brandon Pirri - PK : Derek Stepan
Extra Defensemen
Normal : Martin Marincin, Trevor van Riemsdyk, Alec Martinez - PP : Alec Martinez - PK : Martin Marincin, Trevor van Riemsdyk
Penalty Shots
Patrik Laine, Kris Letang, Johnathan Gaudreau, Blake Wheeler, Nicklas Backstrom

Scratches
FLA Cap Hit (Healthy), Nikita Jevpalovs (Healthy), Petr Zamorsky (Healthy), Eric Gelinas (Healthy)

% Time on Ice - WINNIPEG

Lines # - Real PCT - Wanted PCT - Time Play
Normal Forward
1 - 30% - 35% - 13:30
2 - 33% - 30% - 15:06
3 - 26% - 25% - 11:33
4 - 11% - 10% - 5:05
Normal Defense
1 - 32% - 35% - 14:34
2 - 35% - 30% - 15:44
3 - 31% - 25% - 14:02
4 - 2% - 10% - 0:54
PP Forward
1 - 31% - 60% - 0:48
2 - 69% - 40% - 1:46
PP Defense
1 - 81% - 60% - 2:05
2 - 19% - 40% - 0:29
PK Forward
1 - 70% - 60% - 7:01
2 - 30% - 40% - 3:03
PK Defense
1 - 62% - 60% - 6:17
2 - 38% - 40% - 3:47
PK3 Forward
1 - 59% - 60% - 0:40
2 - 41% - 40% - 0:28
PK3 Defense
1 - 41% - 60% - 0:28
2 - 59% - 40% - 0:40
44 Forward
1 - 80% - 60% - 4:47
2 - 20% - 40% - 1:13
44 Defense
1 - 66% - 60% - 3:58
2 - 34% - 40% - 2:02
Last Minute Offensive  - 0:00
Last Minute Defensive  - 0:00
Total
Forward - 65:00
Defense - 65:00

% Time on Ice - FLORIDA

Lines # - Real PCT - Wanted PCT - Time Play
Normal Forward
1 - 34% - 35% - 15:23
2 - 29% - 30% - 13:10
3 - 27% - 27% - 12:06
4 - 10% - 8% - 4:35
Normal Defense
1 - 41% - 45% - 18:20
2 - 33% - 35% - 15:02
3 - 26% - 15% - 11:52
4 - 0% - 5% - 0:00
PP Forward
1 - 53% - 60% - 5:55
2 - 47% - 40% - 5:17
PP Defense
1 - 49% - 60% - 5:28
2 - 51% - 40% - 5:44
PK Forward
1 - 47% - 50% - 1:13
2 - 53% - 50% - 1:21
PK Defense
1 - 64% - 60% - 1:38
2 - 36% - 40% - 0:56
PK3 Forward
1 - 0% - 50%
2 - 0% - 50%
PK3 Defense
1 - 0% - 60%
2 - 0% - 40%
44 Forward
1 - 67% - 55% - 4:02
2 - 33% - 45% - 1:58
44 Defense
1 - 51% - 55% - 3:04
2 - 49% - 45% - 2:56
Last Minute Offensive  - 0:00
Last Minute Defensive  - 0:00
Total
Forward - 65:00
Defense - 65:00

Play by Play

1st period


0:01 of 1st period - Nicklas Backstrom wins face-off versus Sidney Crosby in neutral zone.
0:03 of 1st period - Off-side.
0:04 of 1st period - Frans Nielsen wins face-off versus Adam Henrique in neutral zone.
0:20 of 1st period - Shot by Adam Henrique.
0:20 of 1st period - Deflect By Johnathan Gaudreau.
0:20 of 1st period - Stopped by Braden Holtby without a rebound.
0:21 of 1st period - Paul Stastny wins face-off versus Matt Cullen in WINNIPEG zone.
0:49 of 1st period - Shot by Jannik Hansen.
0:49 of 1st period - Deflect By Pierre-Alexandre Parenteau.
0:49 of 1st period - Stopped by Craig Anderson without a rebound.
0:50 of 1st period - Nicklas Backstrom wins face-off versus Sidney Crosby in FLORIDA zone.
0:55 of 1st period - Shot by Patrik Laine.
0:55 of 1st period - Deflect By Nicklas Backstrom.
0:55 of 1st period - Shot Misses the Net.
1:03 of 1st period - Shot by Alexander Edler.
1:03 of 1st period - Shot Blocked by Martin Marincin.
2:16 of 1st period - Minor Penalty to Markus Granlund for Hooking.
2:17 of 1st period - Paul Stastny wins face-off versus Sidney Crosby in WINNIPEG zone.
2:21 of 1st period - Shot by Marian Hossa.
2:21 of 1st period - Shot Blocked by Alexander Edler.
2:23 of 1st period - Shot by Paul Stastny.
2:23 of 1st period - Shot Misses the Net.
2:27 of 1st period - Shot by Adam Henrique.
2:27 of 1st period - Deflect By Paul Stastny.
2:27 of 1st period - Stopped by Braden Holtby without a rebound.
2:28 of 1st period - Sidney Crosby wins face-off versus Paul Stastny in WINNIPEG zone.
3:09 of 1st period - Shot by Marian Hossa.
3:09 of 1st period - Shot Blocked by Christopher Tanev.
3:11 of 1st period - Shot by Paul Stastny.
3:11 of 1st period - Deflect By Adam Henrique.
3:11 of 1st period - Shot Misses the Net.
3:13 of 1st period - Shot by Kris Letang.
3:13 of 1st period - Shot Misses the Net.
3:15 of 1st period - Shot by Marian Hossa.
3:15 of 1st period - Stopped by Braden Holtby without a rebound.
3:16 of 1st period - Johnathan Gaudreau wins face-off versus Patrick Marleau in WINNIPEG zone.
3:19 of 1st period - Shot by Nicklas Backstrom.
3:19 of 1st period - Stopped by Braden Holtby without a rebound.
3:20 of 1st period - Patrick Marleau wins face-off versus Nicklas Backstrom in WINNIPEG zone.
3:28 of 1st period - Icing by Patrik Laine.
3:29 of 1st period - Nicklas Backstrom wins face-off versus Patrick Marleau in FLORIDA zone.
3:36 of 1st period - Shot by Blake Wheeler.
3:36 of 1st period - Stopped by Braden Holtby without a rebound.
3:37 of 1st period - Paul Stastny wins face-off versus Patrick Marleau in WINNIPEG zone.
3:40 of 1st period - Shot by Derek Stepan.
3:40 of 1st period - Shot Misses the Net.
3:42 of 1st period - Shot by Blake Wheeler.
3:42 of 1st period - Goal by Blake Wheeler - WINNIPEG : 0 - FLORIDA : 1.
3:43 of 1st period - Matt Cullen wins face-off versus Adam Henrique in neutral zone.
3:48 of 1st period - Shot by Pierre-Alexandre Parenteau.
3:48 of 1st period - Shot Misses the Net.
4:10 of 1st period - Shot by Johnathan Gaudreau.
4:10 of 1st period - Shot Misses the Net.
4:16 of 1st period - Shot by Duncan Keith.
4:16 of 1st period - Stopped by Braden Holtby without a rebound.
4:17 of 1st period - Sidney Crosby wins face-off versus Paul Stastny in WINNIPEG zone.
4:33 of 1st period - Shot by Alexander Ovechkin.
4:33 of 1st period - Deflect By Patrick Marleau.
4:33 of 1st period - Shot Misses the Net.
5:37 of 1st period - Shot by Adam Henrique.
5:37 of 1st period - Shot Blocked by Christopher Tanev.
5:50 of 1st period - Icing by Kris Letang.
5:51 of 1st period - Frans Nielsen wins face-off versus Adam Henrique in FLORIDA zone.
6:21 of 1st period - Minor Penalty to John Carlson for Hooking.
6:22 of 1st period - Nick Shore wins face-off versus Nicklas Backstrom in WINNIPEG zone.
6:22 of 1st period - Nick Shore is hit by Patrik Laine.
6:48 of 1st period - Shot by Nicklas Backstrom.
6:48 of 1st period - Stopped by Braden Holtby with a rebound.
7:07 of 1st period - Icing by Kris Letang.
7:08 of 1st period - Patrick Marleau wins face-off versus Paul Stastny in FLORIDA zone.
7:20 of 1st period - Minor Penalty to Adam Henrique for Holding.
7:21 of 1st period - Nicklas Backstrom wins face-off versus Matt Cullen in FLORIDA zone.
7:23 of 1st period - Icing by Patrik Laine.
7:24 of 1st period - Nicklas Backstrom wins face-off versus Sidney Crosby in FLORIDA zone.
8:37 of 1st period - Shot by Blake Wheeler.
8:37 of 1st period - Stopped by Braden Holtby without a rebound.
8:38 of 1st period - Patrick Marleau wins face-off versus Nicklas Backstrom in WINNIPEG zone.
10:05 of 1st period - Minor Penalty to Clayton Stoner for Slashing.
10:06 of 1st period - Patrick Marleau wins face-off versus Paul Stastny in WINNIPEG zone.
10:39 of 1st period - Shot by Blake Wheeler.
10:39 of 1st period - Stopped by Braden Holtby with a rebound.
10:47 of 1st period - Shot by Adam Henrique.
10:47 of 1st period - Stopped by Braden Holtby without a rebound.
10:48 of 1st period - Sidney Crosby wins face-off versus Johnathan Gaudreau in WINNIPEG zone.
10:59 of 1st period - Shot by Patrik Laine.
10:59 of 1st period - Shot Misses the Net.
11:01 of 1st period - Shot by Nicklas Backstrom.
11:01 of 1st period - Shot Misses the Net.
11:44 of 1st period - Icing by Johnathan Gaudreau.
11:45 of 1st period - Patrick Marleau wins face-off versus Nicklas Backstrom in FLORIDA zone.
11:58 of 1st period - John Carlson is hit by Patrik Laine and loses puck.
12:10 of 1st period - Icing by Alec Martinez.
12:11 of 1st period - Matt Cullen wins face-off versus Linden Vey in FLORIDA zone.
12:32 of 1st period - Icing by Cedric Paquette.
12:33 of 1st period - Linden Vey wins face-off versus Frans Nielsen in FLORIDA zone.
12:33 of 1st period - Alec Martinez is hit by Markus Granlund and loses puck.
13:38 of 1st period - Shot by Sidney Crosby.
13:38 of 1st period - Shot Misses the Net.
13:40 of 1st period - Shot by Alexander Ovechkin.
13:40 of 1st period - Shot Misses the Net.
13:44 of 1st period - Shot by Alexander Ovechkin.
13:44 of 1st period - Shot Misses the Net.
13:46 of 1st period - Shot by Alexander Edler.
13:46 of 1st period - Shot Misses the Net.
13:48 of 1st period - Shot by Sidney Crosby.
13:48 of 1st period - Shot Misses the Net.
13:50 of 1st period - Shot by Patrick Marleau.
13:50 of 1st period - Shot Misses the Net.
13:52 of 1st period - Shot by Patrick Marleau.
13:52 of 1st period - Shot Misses the Net.
14:04 of 1st period - Shot by Alexander Ovechkin.
14:04 of 1st period - Shot Misses the Net.
14:09 of 1st period - Sidney Crosby is hit by Kris Letang and loses puck.
14:15 of 1st period - Patrick Marleau is hit by Kris Letang and loses puck.
14:52 of 1st period - Off-side.
14:53 of 1st period - Frans Nielsen wins face-off versus Adam Henrique in neutral zone.
15:21 of 1st period - Shot by Marian Hossa.
15:21 of 1st period - Shot Misses the Net.
15:44 of 1st period - Off-side.
15:45 of 1st period - Sidney Crosby wins face-off versus Nicklas Backstrom in neutral zone.
16:19 of 1st period - Shot by Patrik Laine.
16:19 of 1st period - Stopped by Braden Holtby without a rebound.
16:20 of 1st period - Matt Cullen wins face-off versus Paul Stastny in WINNIPEG zone.
16:20 of 1st period - Matt Cullen is hit by Paul Stastny.
16:32 of 1st period - Shot by Troy Stecher.
16:32 of 1st period - Shot Blocked by Duncan Keith.
16:34 of 1st period - Shot by Matt Cullen.
16:34 of 1st period - Stopped by Craig Anderson with a rebound.
16:42 of 1st period - Shot by Matt Cullen.
16:42 of 1st period - Shot Misses the Net.
16:44 of 1st period - Shot by Matt Cullen.
16:44 of 1st period - Stopped by Craig Anderson without a rebound.
16:45 of 1st period - Blake Wheeler wins face-off versus Nick Shore in FLORIDA zone.
16:58 of 1st period - Nicklas Backstrom is hit by Alexander Edler and loses puck.
17:08 of 1st period - Minor Penalty to Christopher Tanev for Hooking.
17:09 of 1st period - Sidney Crosby wins face-off versus Paul Stastny in WINNIPEG zone.
17:32 of 1st period - Shot by Paul Stastny.
17:32 of 1st period - Stopped by Braden Holtby without a rebound.
17:33 of 1st period - Sidney Crosby wins face-off versus Nicklas Backstrom in WINNIPEG zone.
17:50 of 1st period - Nicklas Backstrom is hit by Troy Stecher and loses puck.
18:15 of 1st period - Shot by Patrik Laine.
18:15 of 1st period - Stopped by Braden Holtby with a rebound.
18:17 of 1st period - Shot by Duncan Keith.
18:17 of 1st period - Stopped by Braden Holtby without a rebound.
18:18 of 1st period - Paul Stastny wins face-off versus Sidney Crosby in WINNIPEG zone.
18:40 of 1st period - Icing by Adam Henrique.
18:41 of 1st period - Paul Stastny wins face-off versus Patrick Marleau in FLORIDA zone.
19:34 of 1st period - Icing by Clayton Stoner.
19:35 of 1st period - Frans Nielsen wins face-off versus Linden Vey in WINNIPEG zone.
Goals for this period are 0 for WINNIPEG vs 1 for FLORIDA.
Shots for this period are 3 for WINNIPEG vs 15 for FLORIDA.

2nd period


0:01 of 2nd period - Nicklas Backstrom wins face-off versus Sidney Crosby in neutral zone.
0:20 of 2nd period - Patrick Marleau is hit by Duncan Keith and loses puck.
0:28 of 2nd period - Kris Letang is hit by John Carlson and loses puck.
0:43 of 2nd period - John Carlson is hit by Blake Wheeler and loses puck.
1:09 of 2nd period - Adam Henrique is hit by John Carlson and loses puck.
2:05 of 2nd period - Shot by Matt Cullen.
2:05 of 2nd period - Stopped by Craig Anderson without a rebound.
2:06 of 2nd period - Paul Stastny wins face-off versus Frans Nielsen in FLORIDA zone.
2:06 of 2nd period - Kris Letang is hit by Markus Granlund and loses puck.
2:13 of 2nd period - Shot by Sven Baertschi.
2:13 of 2nd period - Stopped by Craig Anderson without a rebound.
2:14 of 2nd period - Nicklas Backstrom wins face-off versus Frans Nielsen in FLORIDA zone.
3:05 of 2nd period - Icing by Troy Stecher.
3:06 of 2nd period - Frans Nielsen wins face-off versus Paul Stastny in WINNIPEG zone.
3:27 of 2nd period - Shot by Kris Versteeg.
3:27 of 2nd period - Stopped by Braden Holtby without a rebound.
3:28 of 2nd period - Adam Henrique wins face-off versus Nick Shore in WINNIPEG zone.
4:22 of 2nd period - Icing by Alec Martinez.
4:23 of 2nd period - Matt Cullen wins face-off versus Adam Henrique in FLORIDA zone.
4:48 of 2nd period - John Carlson is hit by Kris Letang and loses puck.
4:51 of 2nd period - Shot by Matt Cullen.
4:51 of 2nd period - Stopped by Craig Anderson without a rebound.
4:52 of 2nd period - Frans Nielsen wins face-off versus Nicklas Backstrom in FLORIDA zone.
5:22 of 2nd period - Icing by Kris Letang.
5:23 of 2nd period - Nicklas Backstrom wins face-off versus Sidney Crosby in FLORIDA zone.
6:02 of 2nd period - Sidney Crosby is hit by Martin Marincin and loses puck.
6:08 of 2nd period - Icing by Martin Marincin.
6:09 of 2nd period - Paul Stastny wins face-off versus Matt Cullen in FLORIDA zone.
6:09 of 2nd period - Paul Stastny is hit by Pierre-Alexandre Parenteau.
6:12 of 2nd period - Icing by Kris Versteeg.
6:13 of 2nd period - Paul Stastny wins face-off versus Matt Cullen in FLORIDA zone.
7:46 of 2nd period - Shot by Alexander Ovechkin.
7:46 of 2nd period - Stopped by Craig Anderson without a rebound.
7:47 of 2nd period - Adam Henrique wins face-off versus Frans Nielsen in FLORIDA zone.
7:49 of 2nd period - Icing by Alec Martinez.
7:50 of 2nd period - Frans Nielsen wins face-off versus Adam Henrique in FLORIDA zone.
8:04 of 2nd period - Markus Granlund is hit by Alec Martinez and loses puck.
8:12 of 2nd period - Sven Baertschi is hit by Alec Martinez and loses puck.
8:22 of 2nd period - Off-side.
8:23 of 2nd period - Paul Stastny wins face-off versus Sidney Crosby in neutral zone.
8:28 of 2nd period - Shot by Paul Stastny.
8:28 of 2nd period - Stopped by Braden Holtby with a rebound.
8:36 of 2nd period - Shot by Alexander Ovechkin.
8:36 of 2nd period - Stopped by Craig Anderson without a rebound.
8:37 of 2nd period - Matt Cullen wins face-off versus Blake Wheeler in FLORIDA zone.
9:02 of 2nd period - Shot by Matt Cullen.
9:02 of 2nd period - Stopped by Craig Anderson without a rebound.
9:03 of 2nd period - Paul Stastny wins face-off versus Sidney Crosby in FLORIDA zone.
9:19 of 2nd period - Off-side.
9:20 of 2nd period - Nicklas Backstrom wins face-off versus Sven Baertschi in neutral zone.
9:29 of 2nd period - Shot by Blake Wheeler.
9:29 of 2nd period - Stopped by Braden Holtby with a rebound.
9:31 of 2nd period - Shot by Nicklas Backstrom.
9:31 of 2nd period - Shot Misses the Net.
9:42 of 2nd period - Icing by Noah Hanifin.
9:43 of 2nd period - Frans Nielsen wins face-off versus Derek Stepan in WINNIPEG zone.
9:43 of 2nd period - Frans Nielsen is hit by Paul Stastny.
9:54 of 2nd period - Shot by Markus Granlund.
9:54 of 2nd period - Stopped by Craig Anderson without a rebound.
9:55 of 2nd period - Adam Henrique wins face-off versus Sidney Crosby in FLORIDA zone.
9:59 of 2nd period - Kris Letang is hit by Alexander Edler and loses puck.
10:03 of 2nd period - Minor Penalty to Christopher Tanev for Hooking.
10:04 of 2nd period - Sidney Crosby wins face-off versus Nicklas Backstrom in WINNIPEG zone.
10:13 of 2nd period - Shot by Blake Wheeler.
10:13 of 2nd period - Shot Misses the Net.
10:15 of 2nd period - Shot by Blake Wheeler.
10:15 of 2nd period - Stopped by Braden Holtby without a rebound.
10:16 of 2nd period - Johnathan Gaudreau wins face-off versus Sidney Crosby in WINNIPEG zone.
10:19 of 2nd period - Shot by Patrik Laine.
10:19 of 2nd period - Shot Misses the Net.
10:54 of 2nd period - Minor Penalty to Alexander Edler for Tripping.
10:55 of 2nd period - Sidney Crosby wins face-off versus Paul Stastny in WINNIPEG zone.
11:22 of 2nd period - Shot by Derek Stepan.
11:22 of 2nd period - Shot Blocked by Noah Hanifin.
11:24 of 2nd period - Shot by Paul Stastny.
11:24 of 2nd period - Shot Misses the Net.
11:26 of 2nd period - Shot by Derek Stepan.
11:26 of 2nd period - Stopped by Braden Holtby with a rebound.
11:39 of 2nd period - Off-side.
11:40 of 2nd period - Nicklas Backstrom wins face-off versus Alexander Ovechkin in neutral zone.
13:21 of 2nd period - Shot by Jannik Hansen.
13:21 of 2nd period - Stopped by Craig Anderson without a rebound.
13:22 of 2nd period - Frans Nielsen wins face-off versus Paul Stastny in FLORIDA zone.
13:25 of 2nd period - Shot by Sven Baertschi.
13:25 of 2nd period - Stopped by Craig Anderson without a rebound.
13:26 of 2nd period - Paul Stastny wins face-off versus Frans Nielsen in FLORIDA zone.
13:45 of 2nd period - Icing by Martin Marincin.
13:46 of 2nd period - Paul Stastny wins face-off versus Sidney Crosby in FLORIDA zone.
14:11 of 2nd period - Shot by Kris Versteeg.
14:11 of 2nd period - Shot Misses the Net.
14:13 of 2nd period - Shot by Derek Stepan.
14:13 of 2nd period - Stopped by Braden Holtby without a rebound.
14:14 of 2nd period - Matt Cullen wins face-off versus Nicklas Backstrom in WINNIPEG zone.
14:16 of 2nd period - Alexander Edler is hit by Nicklas Backstrom and loses puck.
14:17 of 2nd period - Minor Penalty to Blake Wheeler for High sticking.
14:18 of 2nd period - Sidney Crosby wins face-off versus Nicklas Backstrom in FLORIDA zone.
14:47 of 2nd period - Shot by John Carlson.
14:47 of 2nd period - Shot Misses the Net.
15:16 of 2nd period - Noah Hanifin is hit by Alec Martinez and loses puck.
15:34 of 2nd period - Shot by Markus Granlund.
15:34 of 2nd period - Stopped by Craig Anderson without a rebound.
15:35 of 2nd period - Patrick Marleau wins face-off versus Paul Stastny in FLORIDA zone.
15:50 of 2nd period - Shot by Markus Granlund.
15:50 of 2nd period - Shot Misses the Net.
15:52 of 2nd period - Shot by Alexander Edler.
15:52 of 2nd period - Goal by Alexander Edler - WINNIPEG : 1 - FLORIDA : 1.
15:53 of 2nd period - Brandon Pirri wins face-off versus Nick Shore in neutral zone.
16:10 of 2nd period - Shot by Troy Stecher.
16:10 of 2nd period - Shot Misses the Net.
16:14 of 2nd period - Shot by Alexander Ovechkin.
16:14 of 2nd period - Shot Misses the Net.
17:02 of 2nd period - Shot by Sven Baertschi.
17:02 of 2nd period - Shot Misses the Net.
17:04 of 2nd period - Shot by Alexander Edler.
17:04 of 2nd period - Stopped by Craig Anderson without a rebound.
17:05 of 2nd period - Nicklas Backstrom wins face-off versus Matt Cullen in FLORIDA zone.
18:13 of 2nd period - Icing by John Carlson.
18:14 of 2nd period - Kris Versteeg wins face-off versus Matt Cullen in WINNIPEG zone.
18:50 of 2nd period - Icing by Kris Versteeg.
18:51 of 2nd period - Markus Granlund wins face-off versus Paul Stastny in FLORIDA zone.
Goals for this period are 1 for WINNIPEG vs 0 for FLORIDA.
Shots for this period are 12 for WINNIPEG vs 6 for FLORIDA.

3rd period


0:01 of 3rd period - Nicklas Backstrom wins face-off versus Alexander Ovechkin in neutral zone.
0:46 of 3rd period - Shot by Patrick Marleau.
0:46 of 3rd period - Stopped by Craig Anderson without a rebound.
0:47 of 3rd period - Adam Henrique wins face-off versus Frans Nielsen in FLORIDA zone.
1:36 of 3rd period - Frans Nielsen is hit by Adam Henrique and loses puck.
2:10 of 3rd period - Martin Marincin is hit by Markus Granlund and loses puck.
2:47 of 3rd period - Shot by Alexander Ovechkin.
2:47 of 3rd period - Stopped by Craig Anderson without a rebound.
2:48 of 3rd period - Matt Cullen wins face-off versus Nicklas Backstrom in FLORIDA zone.
3:08 of 3rd period - Jannik Hansen is hit by Kris Letang and loses puck.
3:13 of 3rd period - Shot by Pierre-Alexandre Parenteau.
3:13 of 3rd period - Shot Misses the Net.
4:44 of 3rd period - Icing by John Carlson.
4:45 of 3rd period - Nick Shore wins face-off versus Adam Henrique in WINNIPEG zone.
4:45 of 3rd period - Nick Shore is hit by Adam Henrique.
6:25 of 3rd period - Patrick Marleau is hit by Kris Versteeg and loses puck.
7:01 of 3rd period - Shot by Sidney Crosby.
7:01 of 3rd period - Deflect By Alexander Ovechkin.
7:01 of 3rd period - Shot Misses the Net.
7:03 of 3rd period - Shot by Sidney Crosby.
7:03 of 3rd period - Shot Misses the Net.
7:57 of 3rd period - Shot by Adam Henrique.
7:57 of 3rd period - Stopped by Braden Holtby without a rebound.
7:58 of 3rd period - Alexander Ovechkin wins face-off versus Nicklas Backstrom in WINNIPEG zone.
8:18 of 3rd period - Icing by Alexander Edler.
8:19 of 3rd period - Adam Henrique wins face-off versus Nick Shore in WINNIPEG zone.
8:24 of 3rd period - Shot by Johnathan Gaudreau.
8:24 of 3rd period - Shot Blocked by Nick Shore.
9:22 of 3rd period - Shot by Markus Granlund.
9:22 of 3rd period - Shot Blocked by Adam Henrique.
9:53 of 3rd period - Icing by Duncan Keith.
9:54 of 3rd period - Sidney Crosby wins face-off versus Nicklas Backstrom in FLORIDA zone.
10:19 of 3rd period - Shot by Blake Wheeler.
10:19 of 3rd period - Stopped by Braden Holtby without a rebound.
10:20 of 3rd period - Matt Cullen wins face-off versus Linden Vey in WINNIPEG zone.
11:16 of 3rd period - Icing by Christopher Tanev.
11:17 of 3rd period - Nicklas Backstrom wins face-off versus Matt Cullen in WINNIPEG zone.
11:24 of 3rd period - Shot by Blake Wheeler.
11:24 of 3rd period - Shot Misses the Net.
11:26 of 3rd period - Shot by Patrik Laine.
11:26 of 3rd period - Stopped by Braden Holtby without a rebound.
11:27 of 3rd period - Sidney Crosby wins face-off versus Nicklas Backstrom in WINNIPEG zone.
11:33 of 3rd period - Icing by Noah Hanifin.
11:34 of 3rd period - Sidney Crosby wins face-off versus Nicklas Backstrom in WINNIPEG zone.
12:02 of 3rd period - Shot by Patrick Marleau.
12:02 of 3rd period - Stopped by Craig Anderson with a rebound.
12:31 of 3rd period - Shot by Adam Henrique.
12:31 of 3rd period - Shot Misses the Net.
14:44 of 3rd period - Frans Nielsen is hit by Martin Marincin and loses puck.
14:54 of 3rd period - Icing by Derek Stepan.
14:55 of 3rd period - Paul Stastny wins face-off versus Nick Shore in FLORIDA zone.
15:20 of 3rd period - Shot by Blake Wheeler.
15:20 of 3rd period - Shot Blocked by Alexander Edler.
15:29 of 3rd period - Patrik Laine is hit by Alexander Edler and loses puck.
15:48 of 3rd period - Shot by Patrik Laine.
15:48 of 3rd period - Stopped by Braden Holtby without a rebound.
15:49 of 3rd period - Adam Henrique wins face-off versus Matt Cullen in WINNIPEG zone.
16:01 of 3rd period - Icing by Kris Letang.
16:02 of 3rd period - Adam Henrique wins face-off versus Frans Nielsen in FLORIDA zone.
16:37 of 3rd period - Minor Penalty to John Carlson for Slashing.
16:38 of 3rd period - Nicklas Backstrom wins face-off versus Sidney Crosby in WINNIPEG zone.
17:43 of 3rd period - Shot by Paul Stastny.
17:43 of 3rd period - Shot Misses the Net.
17:45 of 3rd period - Shot by Paul Stastny.
17:45 of 3rd period - Stopped by Braden Holtby without a rebound.
17:46 of 3rd period - Paul Stastny wins face-off versus Sidney Crosby in WINNIPEG zone.
17:47 of 3rd period - Shot by Marian Hossa.
17:47 of 3rd period - Shot Misses the Net.
18:01 of 3rd period - Shot by Derek Stepan.
18:01 of 3rd period - Shot Misses the Net.
18:21 of 3rd period - Off-side.
18:22 of 3rd period - Nicklas Backstrom wins face-off versus Sidney Crosby in neutral zone.
18:58 of 3rd period - Shot by Linden Vey.
18:58 of 3rd period - Shot Misses the Net.
19:00 of 3rd period - Shot by Brett Pesce.
19:00 of 3rd period - Stopped by Braden Holtby without a rebound.
19:01 of 3rd period - Nicklas Backstrom wins face-off versus Frans Nielsen in WINNIPEG zone.
19:02 of 3rd period - Shot by Patrik Laine.
19:02 of 3rd period - Stopped by Braden Holtby without a rebound.
19:03 of 3rd period - Nicklas Backstrom wins face-off versus Frans Nielsen in WINNIPEG zone.
19:24 of 3rd period - Icing by Clayton Stoner.
19:25 of 3rd period - Adam Henrique wins face-off versus Sven Baertschi in WINNIPEG zone.
19:29 of 3rd period - Icing by Troy Stecher.
19:30 of 3rd period - Adam Henrique wins face-off versus Frans Nielsen in WINNIPEG zone.
19:53 of 3rd period - Off-side.
19:54 of 3rd period - Sidney Crosby wins face-off versus Paul Stastny in neutral zone.
19:54 of 3rd period - Sidney Crosby is hit by Paul Stastny.
19:57 of 3rd period - Christopher Tanev is hit by Alec Martinez and loses puck.
Goals for this period are 0 for WINNIPEG vs 0 for FLORIDA.
Shots for this period are 3 for WINNIPEG vs 7 for FLORIDA.

Overtime #1


0:01 of 1st overtime period - Sidney Crosby wins face-off versus Nicklas Backstrom in neutral zone.
0:09 of 1st overtime period - Icing by Kris Letang.
0:10 of 1st overtime period - Nicklas Backstrom wins face-off versus Sidney Crosby in FLORIDA zone.
0:25 of 1st overtime period - Shot by Sidney Crosby.
0:25 of 1st overtime period - Shot Misses the Net.
0:27 of 1st overtime period - Shot by John Carlson.
0:27 of 1st overtime period - Stopped by Craig Anderson with a rebound.
0:47 of 1st overtime period - Shot by Alexander Ovechkin.
0:47 of 1st overtime period - Stopped by Craig Anderson with a rebound.
0:49 of 1st overtime period - Shot by Alexander Edler.
0:49 of 1st overtime period - Stopped by Craig Anderson without a rebound.
0:50 of 1st overtime period - Paul Stastny wins face-off versus Sidney Crosby in FLORIDA zone.
0:59 of 1st overtime period - Shot by Blake Wheeler.
0:59 of 1st overtime period - Stopped by Braden Holtby without a rebound.
1:00 of 1st overtime period - Nicklas Backstrom wins face-off versus Sidney Crosby in WINNIPEG zone.
1:11 of 1st overtime period - Shot by Nicklas Backstrom.
1:11 of 1st overtime period - Shot Misses the Net.
1:13 of 1st overtime period - Shot by Patrik Laine.
1:13 of 1st overtime period - Shot Misses the Net.
1:15 of 1st overtime period - Shot by Brett Pesce.
1:15 of 1st overtime period - Stopped by Braden Holtby without a rebound.
1:16 of 1st overtime period - Paul Stastny wins face-off versus Sidney Crosby in WINNIPEG zone.
1:19 of 1st overtime period - Shot by Duncan Keith.
1:19 of 1st overtime period - Stopped by Braden Holtby without a rebound.
1:20 of 1st overtime period - Nicklas Backstrom wins face-off versus Sidney Crosby in WINNIPEG zone.
1:47 of 1st overtime period - Shot by Sidney Crosby.
1:47 of 1st overtime period - Shot Misses the Net.
1:53 of 1st overtime period - Alexander Edler is hit by Nicklas Backstrom and loses puck.
2:42 of 1st overtime period - Shot by Alec Martinez.
2:42 of 1st overtime period - Stopped by Braden Holtby with a rebound.
2:44 of 1st overtime period - Shot by Alec Martinez.
2:44 of 1st overtime period - Shot Misses the Net.
2:46 of 1st overtime period - Shot by Paul Stastny.
2:46 of 1st overtime period - Shot Hit the Post.
2:54 of 1st overtime period - Shot by Blake Wheeler.
2:54 of 1st overtime period - Shot Blocked by Christopher Tanev.
2:56 of 1st overtime period - Shot by Blake Wheeler.
2:56 of 1st overtime period - Shot Blocked by Patrick Marleau.
3:24 of 1st overtime period - Shot by Patrik Laine.
3:24 of 1st overtime period - Shot Misses the Net.
3:59 of 1st overtime period - Icing by Patrik Laine.
4:00 of 1st overtime period - Nicklas Backstrom wins face-off versus Sidney Crosby in FLORIDA zone.
4:15 of 1st overtime period - Shot by Alexander Ovechkin.
4:15 of 1st overtime period - Stopped by Craig Anderson with a rebound.
4:17 of 1st overtime period - Shot by Alexander Ovechkin.
4:17 of 1st overtime period - Stopped by Craig Anderson without a rebound.
4:18 of 1st overtime period - Paul Stastny wins face-off versus Patrick Marleau in FLORIDA zone.
4:18 of 1st overtime period - Paul Stastny is hit by Frans Nielsen.
4:30 of 1st overtime period - Shot by Paul Stastny.
4:30 of 1st overtime period - Deflect By Blake Wheeler.
4:30 of 1st overtime period - Shot Blocked by John Carlson.
4:42 of 1st overtime period - Shot by Frans Nielsen.
4:42 of 1st overtime period - Stopped by Craig Anderson without a rebound.
4:43 of 1st overtime period - Sidney Crosby wins face-off versus Paul Stastny in FLORIDA zone.
4:52 of 1st overtime period - Shot by Sidney Crosby.
4:52 of 1st overtime period - Shot Misses the Net.
4:54 of 1st overtime period - Shot by Christopher Tanev.
4:54 of 1st overtime period - Stopped by Craig Anderson without a rebound.
4:55 of 1st overtime period - Nicklas Backstrom wins face-off versus Sidney Crosby in FLORIDA zone.
Goals for this period are 0 for WINNIPEG vs 0 for FLORIDA.
Shots for this period are 7 for WINNIPEG vs 4 for FLORIDA.

ShootOut


5:00 of 1st overtime period - Penalty Shot by Sidney Crosby for WINNIPEG.
5:00 of 1st overtime period - Stopped by Craig Anderson.
5:00 of 1st overtime period - Penalty Shot by Patrik Laine for FLORIDA.
5:00 of 1st overtime period - Stopped by Braden Holtby.
5:00 of 1st overtime period - Penalty Shot by Alexander Ovechkin for WINNIPEG.
5:00 of 1st overtime period - Goal by Alexander Ovechkin.
5:00 of 1st overtime period - Penalty Shot by Kris Letang for FLORIDA.
5:00 of 1st overtime period - Stopped by Braden Holtby.
5:00 of 1st overtime period - Penalty Shot by Patrick Marleau for WINNIPEG.
5:00 of 1st overtime period - Stopped by Craig Anderson.
5:00 of 1st overtime period - Penalty Shot by Johnathan Gaudreau for FLORIDA.
5:00 of 1st overtime period - Stopped by Braden Holtby.